 Dungeon Crawl Stone Soup version 0.20-a0-904-gd863c46 (webtiles) character file.

114994 Rrauwl the Protected (level 16, -1/120 HPs)
             Began as a Barachi Ice Elementalist on Mar 21, 2017.
             Was the Champion of Hepliaklqana.
             Killed from afar by a starcursed mass (5 damage)
             ... with an accursed screaming
             ... on level 1 of the Abyss on Mar 22, 2017.
             The game lasted 05:26:03 (35312 turns).

Rrauwl the Protected (Barachi Ice Elementalist)    Turns: 35312, Time: 05:26:04

Health: -1/120     AC: 20    Str: 13      XL:     16   Next: 67%
Magic:  24/28      EV: 14    Int: 19 (22) God:    Hepliaklqana [******]
Gold:   1716       SH:  0    Dex: 12      Spells: 2/31 levels left

rFire    + + +     SeeInvis +   A - +4 long sword (holy)
rCold    . . .     Gourm    .   W - +4 fire dragon scales
rNeg     . . .     Faith    .   (no shield)
rPois    +         Spirit   .   (helmet restricted)
rElec    .         Reflect  .   o - scarf {rC+}
rCorr    .         Harm     .   x - +0 pair of gloves
MR       +....                  f - +0 pair of boots
Stlth    ..........             (no amulet)
Regen    0.3/turn               z - ring of see invisible
MPRegen  0.3/turn               B - ring "Goat" {+Blink rPois Int+2 Stlth-}

@: about to teleport, can't hop, drained, slow
A: +LOS, swims, reduced essence, horns 1, rugged brown scales 1, fire resistance
1, slowness 1, strong legs 2
a: Hop, Recall Ancestor, Ancestor Identity, Transference, Idealise, Renounce
Religion, Evoke Blink


You were on level 1 of the Abyss.
You worshipped Hepliaklqana.
Hepliaklqana was exalted by your worship.
You were not hungry.

You visited 6 branches of the dungeon, and saw 26 of its levels.
You visited the Abyss 1 time.

You collected 2216 gold pieces.
You spent 500 gold pieces at shops.

Inventory:

Hand Weapons
 A - a +4 long sword of holy wrath (weapon)
 E - a +6 long sword
Armour
 f - a +0 pair of boots (worn)
 o - a scarf of cold resistance (worn)
 x - a +0 pair of gloves (worn)
 W - +4 fire dragon scales (worn)
Jewellery
 a - an uncursed ring of protection from cold
 s - an uncursed ring of positive energy
 z - a ring of see invisible (right hand)
 B - the ring "Goat" (left hand) {+Blink rPois Int+2 Stlth-}
   (You found it on level 3 of the Lair of Beasts)

   [ring of intelligence]

   It affects your intelligence (+2).
   It protects you from poison.
   It lets you blink.
   It makes you less stealthy.
Wands
 c - a wand of flame (17/48)
 l - a wand of acid (3/15)
 t - a wand of iceblast (6/15)
 F - a wand of clouds (2/9)
 Z - a wand of polymorph (4/24)
Scrolls
 d - 6 scrolls of teleportation
 g - 17 scrolls of remove curse
 j - a scroll of magic mapping
 H - 3 scrolls of identify
 J - 2 scrolls of holy word
 O - 2 scrolls of fog
Potions
 k - 2 potions of cancellation
 m - a potion of agility
 N - 4 potions of flight
Books
 b - a book of Geomancy

   Spells                             Type                      Level
   a - Sandblast                      Earth                        1
   b - Passwall                       Transmutation/Earth          2
   c - Stone Arrow                    Conjuration/Earth            3
   d - Petrify                        Transmutation/Earth          4
   e - Lee's Rapid Deconstruction     Earth                        5
Miscellaneous
 Q - a fan of gales
 U - a lightning rod (1/4)
Comestibles
 i - 8 bread rations


   Skills:
 + Level 13.0(12.6) Fighting
 + Level 11.2(10.9) Long Blades
 + Level 13.4(13.0) Armour
 + Level 13.1(12.7) Dodging
 - Level 2.0(1.7) Stealth
 - Level 8.0(7.7) Spellcasting
 - Level 9.0(8.7) Conjurations
 + Level 4.4(4.1) Hexes
 - Level 5.1(4.9) Charms
 + Level 6.0(5.7) Summonings
 - Level 6.0(5.7) Translocations
 - Level 7.0(6.7) Ice Magic
 + Level 8.8(8.5) Air Magic
 - Level 5.0(4.7) Poison Magic
 - Level 5.0(4.7) Invocations
 + Level 7.3(7.0) Evocations


You had 2 spell levels left.
You knew the following spells:

 Your Spells              Type           Power        Failure   Level  Hunger
a - Freeze                Ice            ####         2%          1    None
b - Throw Icicle          Conj/Ice       #####...     17%         4    ###....
c - Blink                 Tloc           N/A          6%          2    None
d - Swiftness             Chrm/Air       ####....     3%          2    None
e - Mephitic Cloud        Conj/Pois/Air  #####...     8%          3    #......
f - Iskenderun's Mystic   Conj           #####...     12%         4    ###....
g - Summon Lightning Spi  Summ/Air       ####....     21%         4    ###....
h - Corona                Hex            ###....      10%         1    None
i - Lightning Bolt        Conj/Air       #####.....   30%         5    #####..
j - Stone Arrow           Conj/Erth      ###...       21%         3    #......


Dungeon Overview and Level Annotations

Branches:
Dungeon (15/15)            Temple (1/1) D:4            Lair (6/6) D:11
 Shoals (0/4) Lair:4        Snake (1/4) Lair:2        Slime (0/5) Lair:5
    Orc (2/2) D:12            Elf (0/3) Orc:2        Vaults (0/5) D:14
 Depths (1/5) D:15

Altars:
Ashenzari
Cheibriados
Dithmenos
Elyvilon
Fedhas
Gozag
Hepliaklqana
Kikubaaqudgha
Makhleb
Nemelex Xobeh
Okawaru
Qazlal
Ru
Sif Muna
Trog
Uskayaw
Vehumet
Wu Jian
Xom
Yredelemnul
Zin
The Shining One
Jiyva

Shops:
D:5 *?[   D:10 *   D:14 :*   Orc:1 *   Orc:2 (*}!

Portals:
Abyss: Depths:1

Annotations:
D:3 1 runed door


Innate Abilities, Weirdness & Mutations

Shadows flee at your approach. (+LOS)
You can swim through water.
You cover ground slowly.
You can hop longer distances.
Your life essence is reduced. (-10% HP)
You have a pair of small horns on your head.
You are partially covered in rugged brown scales. (AC +1, +3% HP)
Your flesh is heat resistant. (rF+)


Message History

You feel yourself growing ill in the presence of the ancient zyme.
You hear an angry squeal.
You hear a roar!
You hear a bark!
An ancient zyme comes into view.
Rick hits the starcursed mass with a dagger of draining.
A starcursed mass splits.
Rick hits the starcursed mass with a dagger of draining.
The starcursed mass shudders and is absorbed by its neighbour.
A thrashing horror comes into view.
Casting: Blink
Confirm with . or Enter, or press ? or * to list all spells.
You don't know that spell.
Casting: Blink
Confirm with . or Enter, or press ? or * to list all spells.
Aiming: Summon Lightning Spire
Press: ? - help, Dir - move target cursor An electric hum fills the air.
The hell hog bites your lightning spire!!
A starcursed mass splits.
The starcursed mass shrieks in your mind.
You die...

.. ...X#######
#......####
#....@..RX #######
#......##*§ §....#
#.#.8....§§##§.##
# #h..#.#§§# ..##
..#.##..#.##X..#
#.....##.#....#R##
##.... ..##x..##
..##. .#.........
... . . .#.#x...
##


You could see the friendly Rick the hexer, a starcursed mass, a wretched star, a
hell hog, an ancient zyme, a thrashing horror and a friendly lightning spire.

Vanquished Creatures
  A tentacled starspawn (Abyss:1)
  Roxanne (D:15)
  A fire giant (D:15)
  An orc warlord (Orc:2)
  A stone giant (Orc:1)
  A very ugly thing (Abyss:1)
  The ghost of WhatIsLove the Destroyer, a journeyman OpFE of Sif Muna (D:15)
  The ghost of lolicon the Covert, a journeyman OpIE of Sif Muna (Lair:6)
  Josephine (D:15)
  2 fire dragons
  Harold (Lair:2)
  8 hydras
  Fannar (D:10)
  2 naga warriors (Snake:1)
  2 anacondas (Snake:1)
  3 centaur warriors
  A dancing weapon (D:14)
  7 two-headed ogres
  A naga sharpshooter (Snake:1)
  A thrashing horror (Abyss:1)
  3 orc high priests (Orc:2)
  3 skeletal warriors (D:15)
  2 unseen horrors
  A wizard (D:15)
  2 orc knights (Orc:2)
  4 oklob plants (Lair:5)
  A mana viper (Snake:1)
  11 ugly things
  A deep elf mage (D:15)
  3 cyclopes
  2 manticores
  4 orc sorcerers
  A faun (Snake:1)
  A salamander (Snake:1)
  A guardian serpent (Orc:2)
  Maurice (Orc:2)
  11 black mambas
  2 smoke demons (Abyss:1)
  A naga mage (Snake:1)
  2 molten gargoyles (Lair:6)
  7 spiny frogs
  2 gargoyles
  2 rime drakes
  An efreet (D:15)
  7 komodo dragons
  A freezing wraith (Abyss:1)
  A queen bee (D:8)
  5 trolls
  A jumping spider (shapeshifter) (D:15)
  2 hornets
  2 polar bears (Lair:3)
  2 meliai (D:14)
  A meliai zombie (D:13)
  3 dream sheep
  10 blink frogs
  7 hippogriffs
  An air elemental (Abyss:1)
  3 wyverns
  7 wraiths
  2 vampires
  A ynoxinul (Abyss:1)
  20 yaks
  2 hungry ghosts
  Grum (D:8)
  2 fire elementals (D:13)
  6 basilisks
  3 steam dragons
  2 wargs
  5 nagas
  2 soldier ants
  9 water moccasins
  9 hell hounds
  An acid dragon (D:11)
  2 porcupines
  An ice beast (D:7)
  15 orc warriors
  3 sky beasts
  A hornet zombie (D:12)
  A black bear (D:9)
  5 ogres
  A necrophage (D:12)
  The ghost of Denreik the Chopper, an amateur FoAK of Lugonu (D:8)
  9 centaurs
  10 wolves
  4 crocodiles
  2 big kobolds
  9 bullfrogs
  2 wyvern zombies
  2 scorpions
  18 killer bees
  2 electric eels (D:11)
  5 howler monkeys
  5 crimson imps
  3 lava snakes (Lair:6)
  2 starcursed masses (Abyss:1)
  A quasit (Abyss:1)
  A bullfrog skeleton (D:11)
  2 bullfrog zombies
  3 jellies
  2 centaur zombies
  2 hounds
  8 orc priests
  Ijyb (D:2)
  Terence (D:2)
  4 centaur skeletons
  2 hexers
  15 orc wizards
  2 iguanas
  6 worker ants
  Natasha (D:2)
  A worker ant zombie (D:9)
  7 adders
  6 shadow imps
  2 ufetubi (Abyss:1)
  5 worms
  5 dart slugs
  4 leopard geckos
  60 orcs
  2 ball pythons
  6 bats
  4 giant cockroaches
  7 goblins
  6 hobgoblins
  4 jackals (D:8)
  5 quokkas
  3 frilled lizards
  13 kobolds
  A quokka skeleton (D:7)
  7 rats
  3 fungi
  A lurking horror (Abyss:1)
  3 plants
534 creatures vanquished.

Vanquished Creatures (collateral kills)
  A stone giant (Orc:2)
  Azrael (D:13)
  3 hydras
  An anaconda (Snake:1)
  A dancing weapon (D:13)
  2 two-headed ogres
  A skeletal warrior (D:15)
  A lindwurm (Lair:6)
  A naga ritualist (Snake:1)
  An orb spider (Lair:6)
  2 orc knights
  A mana viper (Snake:1)
  7 ugly things
  3 cyclopes
  A salamander (Snake:1)
  A centaur zombie (D:14)
  7 black mambas
  A molten gargoyle (Lair:6)
  2 naga magi (Snake:1)
  3 spiny frogs
  A centaur skeleton (D:10)
  5 komodo dragons
  5 trolls
  A meliai (D:14)
  2 hornets
  Grinder (D:5)
  4 blink frogs
  2 slime creatures (D:13)
  2 dream sheep (Lair:5)
  3 hippogriffs
  A chaos spawn (Abyss:1)
  2 fire elementals
  2 wyverns
  9 yaks
  3 basilisks
  3 hungry ghosts
  A soldier ant (D:15)
  2 wargs
  2 nagas (Snake:1)
  4 water moccasins
  8 porcupines
  12 orc warriors
  5 hell hounds
  An ice beast (D:9)
  2 necrophages
  A phantom (D:14)
  4 sky beasts
  8 ogres
  2 centaurs (D:14)
  3 wolves
  5 crocodiles
  Blork the orc (D:5)
  A big kobold (D:12)
  6 bullfrogs
  A scorpion (D:12)
  3 killer bees
  A wight (D:9)
  4 howler monkeys
  2 electric eels (Lair:3)
  2 lava snakes (Lair:6)
  2 bullfrog zombies
  2 crimson imps
  A quasit (D:12)
  5 hounds
  4 orc priests
  6 orc wizards (Orc:2)
  A jelly (D:9)
  A bullfrog skeleton (D:9)
  An iguana (D:9)
  A hell rat (Lair:4)
  4 worker ants
  3 hound skeletons
  A howler monkey zombie (D:9)
  2 worker ant zombies
  2 adders
  A shadow imp (D:5)
  An ufetubus (Abyss:1)
  An adder zombie (D:7)
  2 worms
  2 leopard geckos
  15 orcs
  A giant cockroach (D:7)
  5 kobolds
  2 quokkas
  A frilled lizard (D:4)
  A giant cockroach zombie (D:5)
  A leopard gecko skeleton (D:5)
  A quokka zombie (D:5)
  A plant (Lair:4)
239 creatures vanquished.

Vanquished Creatures (others)
  A shadow (D:15)
  A wolf (D:11)
  An orc priest (Orc:2)
  An orc wizard (Orc:2)
  A worker ant (D:13)
  37 hexers
  An orc (Orc:2)
  13 fungi
  A lurking horror (Abyss:1)
  6 plants
  5 starspawn tentacles (Abyss:1)
68 creatures vanquished.

Grand Total: 841 creatures vanquished

Notes
Turn   | Place    | Note
-------+----------+-------------------------------------------
     0 | D:1      | Rrauwl the Barachi Ice Elementalist began the quest for the Orb.
     0 | D:1      | Reached XP level 1. HP: 13/13 MP: 3/3
   216 | D:1      | Reached skill level 1 in Fighting
   306 | D:1      | Reached XP level 2. HP: 2/21 MP: 3/5
   629 | D:1      | Reached skill level 1 in Armour
   835 | D:1      | Reached XP level 3. HP: 12/27 MP: 6/6
  1134 | D:2      | Noticed Terence
  1147 | D:2      | Killed Terence
  1147 | D:2      | Reached XP level 4. HP: 16/33 MP: 0/7
  1192 | D:2      | Noticed Ijyb
  1305 | D:2      | Killed Ijyb
  2043 | D:2      | Noticed Natasha
  2061 | D:2      | Killed Natasha
  2061 | D:2      | Reached XP level 5. HP: 25/39 MP: 9/9
  2169 | D:3      | Found a glowing silver altar of Zin.
  2170 | D:3      | Found a runed door.
  2170 | D:3      | Noticed an angel
  2261 | D:3      | Learned a level 4 spell: Throw Icicle
  2729 | D:3      | Reached XP level 6. HP: 47/47 MP: 7/10
  3142 | D:4      | Found a staircase to the Ecumenical Temple.
  3151 | D:4      | Reached skill level 5 in Ice Magic
  3151 | D:4      | Reached skill level 1 in Evocations
  3187 | Temple   | Entered the Ecumenical Temple
  3350 | Temple   | Became a worshipper of Hepliaklqana the Forgotten
  3518 | D:4      | Found a shadowy altar of Dithmenos.
  3813 | D:5      | Entered Level 5 of the Dungeon
  3822 | D:5      | Upgraded the game from 0.20-a0-903-g7e3609c to 0.20-a0-904-gd863c46
  3831 | D:5      | Found Umonih's Magic Scroll Emporium.
  3879 | D:5      | Bought a scroll of enchant armour for 105 gold pieces
  3910 | D:5      | Found Zealoi's Assorted Antiques.
  4094 | D:5      | Reached XP level 7. HP: 46/46 MP: 11/11
  4207 | D:5      | Noticed Grinder
  4213 | D:5      | Paralysed by Grinder for 2 turns
  4232 | D:5      | Paralysed by Grinder for 7 turns
  4238 | D:5      | Killed Grinder
  4238 | D:5      | Reached skill level 1 in Invocations
  4373 | D:5      | Found Zaji's Armour Boutique.
  4399 | D:5      | Noticed Blork the orc
  4408 | D:5      | Killed Blork the orc
  4411 | D:5      | Gained mutation: Your body sometimes deteriorates upon taking damage. [potion of mutation]
  4411 | D:5      | Gained mutation: You are partially covered in rugged brown scales. (AC +1, +3% HP) [potion of mutation]
  4411 | D:5      | Gained mutation: You have large cloven feet. [potion of mutation]
  4411 | D:5      | Gained mutation: You have very sharp teeth. [potion of mutation]
  4456 | D:5      | Found a stormy altar of Qazlal.
  4562 | D:6      | Learned a level 2 spell: Blink
  4664 | D:6      | Reached * piety under Hepliaklqana
  4697 | D:6      | Learned a level 2 spell: Swiftness
  4723 | D:6      | Reached XP level 8. HP: 27/53 MP: 6/12
  4786 | D:6      | Found an ancient bone altar of Kikubaaqudgha.
  4846 | D:6      | Found a radiant altar of Vehumet.
  4849 | D:6      | Found a sacrificial altar of Ru.
  4852 | D:6      | Found a snail-covered altar of Cheibriados.
  4855 | D:6      | Found a hide-covered altar of Uskayaw.
  4933 | D:6      | Reached skill level 1 in Charms
  4933 | D:6      | Reached skill level 1 in Air Magic
  5072 | D:6      | Reached skill level 5 in Armour
  5072 | D:6      | Reached skill level 1 in Translocations
  5449 | D:7      | Noticed a hornet
  5460 | D:7      | Paralysed by a hornet for 1 turns
  5462 | D:7      | Killed a hornet
  5462 | D:7      | Reached skill level 5 in Dodging
  5700 | D:7      | Reached ** piety under Hepliaklqana
  5703 | D:7      | Remembered your ancestor Rick as a hexer
  5896 | D:7      | Reached XP level 9. HP: 59/59 MP: 13/13
  6390 | D:7      | Noticed a two-headed ogre
  6407 | D:7      | Killed a two-headed ogre
  6407 | D:7      | Reached skill level 5 in Fighting
  6407 | D:7      | Reached skill level 5 in Conjurations
  6474 | D:8      | Noticed Denreik's ghost (amateur FoAK)
  6484 | D:8      | Killed Denreik's ghost
  6608 | D:8      | Noticed a queen bee
  6613 | D:8      | Reached skill level 5 in Translocations
  6613 | D:8      | Reached XP level 10. HP: 61/67 MP: 13/16
  6615 | D:8      | Noticed Grum
  6619 | D:8      | Reached skill level 5 in Charms
  6695 | D:8      | Reached skill level 5 in Spellcasting
  6759 | D:8      | Killed Grum
  6847 | D:8      | Noticed a two-headed ogre
  6853 | D:8      | Killed a two-headed ogre
  6933 | D:8      | Learned a level 3 spell: Mephitic Cloud
  7064 | D:8      | Noticed a two-headed ogre
  7076 | D:8      | Killed a two-headed ogre
  7076 | D:8      | Reached skill level 1 in Poison Magic
  7167 | D:8      | Found a basalt altar of Yredelemnul.
  7484 | D:9      | Reached skill level 5 in Evocations
  7493 | D:9      | Found a large runed door.
  7493 | D:9      | Found a large runed door.
  7505 | D:9      | Noticed a two-headed ogre
  7534 | D:9      | Killed a two-headed ogre
  7534 | D:9      | Reached XP level 11. HP: 55/77 MP: 2/18
  7688 | D:9      | Found a deep blue altar of Sif Muna.
  8093 | D:9      | Reached *** piety under Hepliaklqana
  8157 | D:9      | Found a large runed door.
  8157 | D:9      | Found a large runed door.
  8387 | D:10     | Entered Level 10 of the Dungeon
  8409 | D:10     | Noticed Fannar
  8451 | D:10     | Killed Fannar
  8529 | D:10     | Found a shimmering altar of Xom.
  8874 | D:10     | Found Abiliaqa's General Store.
  9045 | D:11     | Reached skill level 5 in Poison Magic
  9061 | D:11     | Found a staircase to the Lair.
  9430 | D:11     | Noticed an eight-headed hydra
  9520 | D:11     | Killed an eight-headed hydra
  9604 | D:11     | Found a radiant altar of Vehumet.
  9881 | D:11     | Noticed a cyclops
  9888 | D:11     | Reached XP level 12. HP: 84/88 MP: 19/19
  9906 | D:11     | Reached skill level 1 in Long Blades
  9986 | D:11     | Learned a level 4 spell: Iskenderun's Mystic Blast
 10014 | D:11     | Gained mutation: Your mind is acute. (Int +2) [mutagenic meat]
 10214 | Lair:1   | Entered Level 1 of the Lair of Beasts
 10255 | Lair:1   | Reached **** piety under Hepliaklqana
 10614 | Lair:1   | Noticed a five-headed hydra
 10626 | Lair:1   | Killed a five-headed hydra
 10930 | Lair:1   | Noticed a four-headed hydra
 10938 | Lair:1   | Killed a four-headed hydra
 10938 | Lair:1   | Reached skill level 10 in Fighting
 11484 | Lair:2   | Found a staircase to the Snake Pit.
 11745 | Lair:3   | Noticed a four-headed hydra
 11745 | Lair:3   | Noticed Harold
 11759 | Lair:2   | Killed Harold
 11792 | Lair:3   | Got a translucent copper ring
 11794 | Lair:3   | Identified the ring "Goat" {+Blink rPois Int+2 Stlth-} (You found it on level 3 of the Lair of Beasts)
 11848 | Lair:3   | Killed a four-headed hydra
 11959 | Lair:3   | Reached ***** piety under Hepliaklqana
 12412 | Lair:4   | Found a staircase to the Shoals.
 12478 | Lair:3   | Gained mutation: You can hop longer distances. [Barachi growth]
 12478 | Lair:3   | Reached XP level 13. HP: 58/96 MP: 22/22
 12550 | Lair:4   | Reached skill level 5 in Long Blades
 13322 | Lair:5   | Reached skill level 10 in Armour
 13456 | Lair:5   | Reached skill level 10 in Dodging
 13595 | Lair:5   | Found a viscous altar of Jiyva.
 13596 | Lair:5   | Found a staircase to the Slime Pits.
 13882 | Lair:5   | Lost mutation: You have very sharp teeth. [potion of mutation]
 13882 | Lair:5   | Lost mutation: Your mind is acute. (Int +2) [potion of mutation]
 13882 | Lair:5   | Lost mutation: You have large cloven feet. [potion of mutation]
 13882 | Lair:5   | Lost mutation: Your body sometimes deteriorates upon taking damage. [potion of mutation]
 13882 | Lair:5   | Gained mutation: Your flesh is heat resistant. (rF+) [potion of mutation]
 13882 | Lair:5   | Gained mutation: You have a pair of small horns on your head. [potion of mutation]
 14142 | Lair:5   | Got a translucent helmet
 14143 | Lair:5   | Identified the +0 helmet of Feduymui {Regen+} (You found it on level 5 of the Lair of Beasts)
 14583 | Lair:5   | Reached skill level 5 in Air Magic
 14925 | Lair:6   | Entered Level 6 of the Lair of Beasts
 15504 | Lair:6   | Noticed lolicon's ghost (journeyman OpIE)
 15536 | Lair:6   | Killed lolicon's ghost
 15867 | Lair:6   | Noticed a fire dragon
 15871 | Lair:6   | Found a large runed door.
 15871 | Lair:6   | Found a large runed door.
 16003 | Lair:6   | Reached XP level 14. HP: 38/105 MP: 9/24
 18595 | D:12     | Learned a level 4 spell: Summon Lightning Spire
 18863 | D:12     | Found a staircase to the Orcish Mines.
 18913 | Orc:1    | Entered Level 1 of the Orcish Mines
 18987 | Orc:1    | Reached skill level 1 in Summonings
 19174 | Orc:1    | Found Edicwin's General Store.
 19329 | Orc:1    | Noticed a stone giant
 19347 | Orc:1    | Killed a stone giant
 19620 | Orc:2    | Entered Level 2 of the Orcish Mines
 19672 | Orc:2    | Found a staircase to the Elven Halls.
 20196 | Orc:2    | Noticed an orc warlord
 20974 | Orc:2    | Noticed Maurice
 20988 | Orc:2    | Killed Maurice
 21014 | Orc:2    | Killed an orc warlord
 21395 | Orc:2    | Reached XP level 15. HP: 64/110 MP: 20/25
 22108 | Orc:2    | Found Xuhupeos's Distillery.
 22108 | Orc:2    | Found Bisan's Weapon Emporium.
 22122 | Orc:2    | Found Bakomeh's Gadget Shop.
 22122 | Orc:2    | Found Isip's Assorted Antiques.
 22132 | Orc:2    | Bought a scroll labeled COULAQ JETO for 31 gold pieces
 22140 | Orc:2    | Bought 2 potions of cancellation for 208 gold pieces
 22140 | Orc:2    | Bought a potion of agility for 52 gold pieces
 22140 | Orc:2    | Bought a potion of might for 52 gold pieces
 22140 | Orc:2    | Bought a potion of agility for 52 gold pieces
 22945 | Snake:1  | Entered Level 1 of the Snake Pit
 23682 | Snake:1  | Reached skill level 10 in Long Blades
 24431 | Snake:1  | Reached ****** piety under Hepliaklqana
 25916 | D:13     | Noticed Azrael
 26246 | D:13     | Killed Azrael
 26813 | D:13     | Learned a level 1 spell: Corona
 27045 | D:13     | Reached skill level 5 in Invocations
 27113 | D:14     | Reached skill level 1 in Hexes
 27667 | D:14     | Found Eluzusow's Book Shoppe.
 27667 | D:14     | Found a white marble altar of Elyvilon.
 27674 | D:14     | Found Lics's General Store.
 27700 | D:14     | Found a snail-covered altar of Cheibriados.
 27874 | D:14     | Found a glowing golden altar of the Shining One.
 28020 | D:13     | HP: 2/113 [centaur warrior/arrow (18)]
 28979 | D:14     | Reached XP level 16. HP: 83/119 MP: 27/27
 29327 | D:14     | Found a gate to the Vaults.
 29439 | D:15     | Entered Level 15 of the Dungeon
 29450 | D:15     | Noticed WhatIsLove's ghost (journeyman OpFE)
 29459 | D:15     | Killed WhatIsLove's ghost
 29473 | D:15     | Found a staircase to the Depths.
 29513 | D:15     | Reached skill level 5 in Summonings
 30719 | D:15     | Noticed Roxanne
 30799 | D:15     | Noticed Josephine
 30810 | D:15     | Killed Josephine
 31846 | D:15     | Killed Roxanne
 33071 | Lair:1   | Learned a level 5 spell: Lightning Bolt
 33642 | Depths:1 | Entered Level 1 of the Depths
 33659 | Depths:1 | Found a one-way gate to the infinite horrors of the Abyss.
 33665 | Depths:1 | Learned a level 3 spell: Stone Arrow
 33690 | Depths:1 | Voluntarily entered the Abyss.
 34257 | Abyss:1  | Noticed a tentacled starspawn
 34320 | Abyss:1  | Killed a tentacled starspawn
 35088 | Abyss:1  | Noticed a bone dragon
 35100 | Abyss:1  | Noticed a bone dragon
 35303 | Abyss:1  | HP: 1/120 [starcursed mass/accursed screaming (8)]
 35312 | Abyss:1  | Killed from afar by a starcursed mass

Vault maps used:
D:1:      mrwooster_arrival_arrow
D:2:      minmay_misc_feat_roman, uniq_natasha, uniq_iyjb, uniq_terence
D:3:      serial_co_window_serial, co_window_of_opportunity_a,
          co_window_paths_a, co_window_corner_a, co_window_of_opportunity_a,
          co_window_corner_a, co_window_corner_ca, co_window_corner_ca,
          co_window_cross_4, glass_columns_a, glass_columns_c,
          lemuel_angel_altar
D:4:      nicolae_dithmenos_the_darkroom, minmay_temple_entry_junction_2
D:5:      first_bread, serial_shops, shop, shop_scrolls,
          nicolae_shop_behind_doors, grunt_qazlal_clouds, uniq_blork_the_orc,
          uniq_grinder
D:6:      grunt_temple_overflow_cloverleaf, marbit_many_paths
D:7:      serial_corexii_hall, corexii_hall_statues_l, corexii_hall_statues_i
D:8:      nicolae_overflow_crystal_walls, serial_corexii_hall,
          corexii_hall_statues_s, corexii_hall_statues_deadend,
          corexii_hall_statues_i, david_nohive_1, uniq_grum
D:9:      lemuel_round_altar, minmay_hollow_rounded_squares
D:10:     serial_shops, shop, brannock_xom_greatest_gift, uniq_fannar
D:11:     erik_lair_island, basic_altar, minmay_radiant
D:12:     orc_0_dummy, kennysheep_generic_room_2
D:13:     uniq_azrael
D:14:     erik_vaults_1, basic_altar, cheibriados_altar_1, serial_shops,
          nicolae_shop_statue_plus, shop, tso_metal_star
D:15:     grunt_enter_depths_giant_problem, abandoned_shop, uniq_roxanne,
          uniq_josephine
Temple:   eino_narrow_crystal_temple
Lair:1:   grunt_megastairs_4
Lair:2:   guppyfry_snake_entry_garden
Lair:3:   serial_bayou_shore_a, grunt_megastairs_1, uniq_harold
Lair:4:   wad_woods_structure_01, elwin_shoals_entry_rocks, lemuel_old_faithful
Lair:5:   slime_altar_1, grunt_megastairs_3, minmay_lair_oklob_chamber
Lair:6:   cheibrodos_lair_end_hotspot
Orc:1:    serial_shops, shop
Orc:2:    grunt_orc_tribal_feast, enter_volcano_3, uniq_maurice
Depths:1: abyss_entry, hell_entry, minmay_splitting_lines, nooodl_orcs_dogs

Skill      XL: |  1  2  3  4  5  6  7  8  9 10 11 12 13 14 15 16 |
---------------+-------------------------------------------------+-----
Fighting       | 1 2 3 4 5 7 9 10 11 12 13 | 13.0
Stealth        | 2 |  2.0
Armour         | 1 2 3 4 5 7 8 9 11 12 13 | 13.4
Ice Magic      | 4 5 6 7 |  7.0
Spellcasting   | 3 4 5 6 7 8 |  8.0
Dodging        | 3 4 5 6 8 9 10 11 12 13 | 13.1
Evocations     | 1 2 3 5 6 7 |  7.3
Conjurations   | 2 3 5 7 8 9 |  9.0
Invocations    | 2 3 4 5 |  5.0
Charms         | 3 4 5 |  5.1
Air Magic      | 3 4 6 7 8 |  8.8
Translocations | 3 5 6 |  6.0
Poison Magic   | 2 5 |  5.0
Long Blades    | 4 7 9 10 11 | 11.2
Summonings     | 2 4 6 |  6.0
Hexes          | 2 4 |  4.4

Action                   |  1- 3 |  4- 6 |  7- 9 | 10-12 | 13-15 | 16-18 || total
-------------------------+-------+-------+-------+-------+-------+-------++-------
Melee: Unarmed           |    30 |       |       |       |       |       ||    30
       Club              |    63 |       |       |       |       |       ||    63
       Hand axe          |     1 |    83 |       |       |       |       ||    84
       Staff             |       |   105 |   195 |   562 |   149 |       ||  1011
       Bite              |       |       |    14 |    61 |    22 |       ||    97
       Long sword        |       |       |       |    37 |  1086 |   521 ||  1644
       Headbutt          |       |       |       |       |   218 |   119 ||   337
 Cast: Freeze            |    15 |    46 |    63 |   153 |   117 |    16 ||   410
       Throw Icicle      |       |       |     1 |    29 |    60 |     3 ||    93
       Mephitic Cloud    |       |       |       |     3 |    15 |       ||    18
       Iskenderun's Myst |       |       |       |     2 |    14 |     2 ||    18
       Blink             |       |       |       |     1 |     9 |     6 ||    16
       Swiftness         |       |       |       |       |     4 |     2 ||     6
       Summon Lightning  |       |       |       |       |     3 |    13 ||    16
       Stone Arrow       |       |       |       |       |       |     5 ||     5
       Lightning Bolt    |       |       |       |       |       |     4 ||     4
       Corona            |       |       |       |       |       |     1 ||     1
Invok: Ancestor Identity |       |     1 |       |       |       |       ||     1
       Ancestor Life: He |       |       |     1 |       |       |       ||     1
       Recall Ancestor   |       |       |       |     3 |    12 |     8 ||    23
       Transference      |       |       |       |       |     1 |       ||     1
       Idealise          |       |       |       |       |     4 |     1 ||     5
 Abil: Hop               |       |       |       |       |    10 |    13 ||    23
       Evoke Blink       |       |       |       |       |     1 |       ||     1
Evoke: Wand              |       |       |     3 |    16 |    46 |     1 ||    66
       Lightning rod     |       |       |       |     2 |     9 |       ||    11
       Sack of spiders   |       |       |       |       |     5 |       ||     5
       Fan of gales      |       |       |       |       |     1 |       ||     1
  Use: Scroll            |     3 |     8 |     4 |    12 |    21 |     7 ||    55
       Potion            |     3 |     7 |     2 |     3 |    12 |    14 ||    41
 Stab: Sleeping          |     3 |     6 |     1 |     2 |       |       ||    12
       Distracted        |       |       |     1 |     7 |    19 |     6 ||    33
       Confused          |       |       |     1 |     5 |    31 |     2 ||    39
       Paralysed         |       |       |       |       |    32 |    51 ||    83
       Invisible         |       |       |       |       |       |     1 ||     1
  Eat: Chunk             |     1 |     5 |     8 |    24 |    18 |     5 ||    61
       Meat ration       |       |     1 |       |     1 |     2 |     1 ||     5
       Royal jelly       |       |     1 |     1 |     1 |     9 |       ||    12
       Fruit             |       |       |     1 |     1 |     8 |       ||    10
       Bread ration      |       |       |       |       |     4 |     4 ||     8
Armor: Robe              |    14 |    19 |       |       |       |       ||    33
       Troll leather arm |       |    35 |    48 |   180 |    98 |       ||   361
       Skin              |       |       |       |       |    13 |       ||    13
       Fire dragon scale |       |       |       |       |   344 |   207 ||   551
Dodge: Dodged            |    75 |   173 |   223 |   779 |   989 |   282 ||  2521
       Rpst.: Long sword |       |       |       |    22 |   187 |    68 ||   277
